 Dungeon Crawl Stone Soup version 0.27.0-1-g7a089689b8 (webtiles) character file.

Game seed: 4731152052368556140

1052 Legadrian the Covered (level 8, -6/64 HPs)
             Began as a Human Fighter on Aug 3, 2021.
             Mangled by a wyvern (10 damage)
             ... on level 6 of the Dungeon.
             The game lasted 00:35:01 (6714 turns).

Legadrian the Covered (Human Fighter)               Turns: 6714, Time: 00:35:02

Health: -6/64      AC: 14    Str: 17 (19) XL:     8   Next: 50%
Magic:  5/5        EV:  3    Int:  6 (8)  God:
Gold:   304        SH: 15    Dex: 16 (19) Spells: 7/7 levels left

rFire    . . .     SeeInvis .   t - +3 whip (antimagic)
rCold    . . .     Faith    .   c - +1 kite shield
rNeg     . . .     Spirit   .   m - +1 plate armour
rPois    .         Reflect  +   (no helmet)
rElec    .         Harm     .   (no cloak)
rCorr    .         Rampage  .   (no gloves)
Will     .....                  (no boots)
Stlth    ..........             C - amulet of reflection
HPRegen  0.20/turn              q - +6 ring of dexterity
MPRegen  0.09/turn              w - ring of magical power

@: no status effects
A: no striking features
a: no special abilities


You were on level 6 of the Dungeon.
You visited 1 branch of the dungeon, and saw 7 of its levels.

You collected 304 gold pieces.

Inventory:

Hand Weapons
 a - a +0 flail
 b - a +0 dagger
 d - a +0 dagger of draining
 n - a +0 war axe
 s - a +0 rapier
 t - a +3 antimagic whip (weapon)
 x - a +0 dagger of freezing
 E - a +0 battleaxe
 J - a +0 long sword
 K - a +2 falchion of freezing
Missiles
 f - 97 arrows
 i - 157 stones (quivered)
 z - 2 javelins
 B - 24 sling bullets
 H - 21 bolts
Armour
 c - a +1 kite shield (worn)
 m - a +1 plate armour (worn)
Magical Staves
 G - a staff of air
Jewellery
 o - an amulet of guardian spirit
 q - a +6 ring of dexterity (left hand)
 w - a ring of magical power (right hand)
 C - an amulet of reflection (around neck)
 I - an amulet of reflection
Wands
 v - a wand of flame (29)
Scrolls
 e - a scroll of brand weapon {unknown}
 j - a scroll of teleportation {unknown}
 k - 2 scrolls of identify {unknown}
 l - a scroll of fog {unknown}
 p - 2 scrolls of amnesia {unknown}
 r - 3 scrolls of magic mapping {unknown}
 y - 3 scrolls of enchant weapon {unknown}
 D - 2 scrolls of noise {unknown}
Potions
 h - 3 potions of degeneration
 u - a potion of lignification {unknown}
 A - a potion of haste
 F - a potion of heal wounds {unknown}


   Skills:
 - Level 5.8 Fighting
 - Level 0.8 Short Blades
 - Level 4.0 Maces & Flails
 - Level 7.1 Armour
 * Level 3.9 Shields


You had 7 spell levels left.
You didn't know any spells.
Your spell library contained the following spells:

 Spells                   Type           Power      Damage    Failure   Level
 Corona                   Hex            0%         N/A       100%        1
 Ensorcelled Hibernation  Hex/Ice        0%         N/A       100%        2
 Static Discharge         Conj/Air       0%         N/A       100%        2
 Tukima's Dance           Hex            0%         N/A       100%        3
 Airstrike                Air            0%         N/A       100%        4
 Summon Lightning Spire   Summ/Air       0%         N/A       100%        4
 Freezing Cloud           Conj/Ice/Air   0%         6-21      100%        5
 Lightning Bolt           Conj/Air       0%         1d11      100%        5
 Simulacrum               Ice/Necr       0%         N/A       100%        6
 Maxwell's Capacitive Co  Air            0%         ∞         100%        8
 Polar Vortex             Ice            0%         N/A       100%        9


Dungeon Overview and Level Annotations

Branches:
Dungeon (7/15)             Temple (0/1) D:7

Altars:
Ashenzari
Hepliaklqana
Nemelex Xobeh
Qazlal

Annotations:
D:7 Rayvis's ghost, novice MiFi


Message History

You block the wyvern's attack.
The killer bee buzzes angrily.
The wyvern bites you but does no damage.
The wyvern bites you.
There is a transporter landing site here.
The hornet buzzes angrily.
You hear an angry buzzing noise.
You block the wyvern's attack. You block the wyvern's attack.
You block the wyvern's attack. You block the wyvern's attack.
You block the wyvern's attack.
The killer bee buzzes angrily.
The wyvern bites you!
* * * LOW HITPOINT WARNING * * *
The wyvern bites you.
* * * LOW HITPOINT WARNING * * *
You block the wyvern's attack.
There is a stone staircase leading up here.
You can't go down here!
You block the wyvern's attack.
You climb upwards.
You block the orc warrior's attack.
There is a stone staircase leading down here.
The wyvern bites you but does no damage.
The wyvern bites you.
* * * LOW HITPOINT WARNING * * *
You block the orc warrior's attack.
The orc wizard hits you but does no damage.
The wyvern barely misses you. The wyvern bites you.
* * * LOW HITPOINT WARNING * * *
You block the wyvern's attack.
The orc wizard mumbles some strange words.
The orc wizard flickers and vanishes!
Deactivating autopickup; reactivate with Ctrl-A.
You block the wyvern's attack. You block the wyvern's attack.
The wyvern completely misses you.
The wyvern bites you but does no damage.
The wyvern bites you!
You die...

#.##........#### ####
.......o.o....... #...
#.##.##.##..##### #... #
#.# ..# #...
#.##.##.##..#### #...
............... . ##'#
.######.##..### #. #.#
##.######.##..#####.##.#
....>..@l...............
........................
#########.###.#####.##.#
#.###.#####.##.#
#...............
##########.###..####.##..
#........................
##########...............
#.###..####.....


You could see a wyvern.

Vanquished Creatures
  Sigmund (D:2)
  A black bear (D:5)
  A sky beast (D:6)
  An ice beast (D:6)
  A necrophage (D:6)
  A phantom (D:5)
  A scorpion (D:6)
  A water moccasin zombie (D:7)
  2 hounds (D:6)
  2 centaur skeletons
  A killer bee zombie (D:6)
  2 hound skeletons (D:4)
  A howler monkey skeleton (D:5)
  3 gnolls (D:4)
  6 adders
  2 worms
  2 dart slugs
  4 orcs
  3 ball pythons
  10 endoplasms
  6 giant cockroaches
  11 goblins
  9 hobgoblins
  11 jackals
  2 quokkas
  8 bats
  5 frilled lizards
  4 kobolds
  5 rats
107 creatures vanquished.

Notes
Turn   | Place    | Note
-------+----------+-------------------------------------------
     0 | D:1      | Legadrian the Human Fighter began the quest for the Orb.
     0 | D:1      | Reached XP level 1. HP: 18/18 MP: 1/1
   324 | D:1      | Reached XP level 2. HP: 24/24 MP: 2/2
   682 | D:1      | Reached XP level 3. HP: 30/30 MP: 3/3
  1499 | D:2      | Noticed Sigmund
  1508 | D:2      | Killed Sigmund
  1509 | D:2      | Reached skill level 5 in Fighting
  1509 | D:2      | Reached XP level 4. HP: 23/39 MP: 4/4
  1509 | D:2      | Reached XP level 5. HP: 26/44 MP: 5/5
  1509 | D:2      | Reached XP level 6. HP: 30/51 MP: 6/6
  2506 | D:2      | You fall into a shaft and drop 2 floors!
  3197 | D:4      | Found a sparkling altar of Nemelex Xobeh.
  3433 | D:4      | Found a hazy altar of Hepliaklqana.
  4675 | D:5      | Entered Level 5 of the Dungeon
  4767 | D:5      | Reached XP level 7. HP: 52/57 MP: 2/7
  4836 | D:5      | Reached skill level 4 in Armour
  5199 | D:5      | Found a stormy altar of Qazlal.
  5405 | D:6      | Reached skill level 5 in Armour
  5468 | D:6      | Found a broken altar of Ashenzari.
  5585 | D:6      | Reached skill level 6 in Armour
  5585 | D:6      | Reached XP level 8. HP: 41/64 MP: 5/8
  6141 | D:6      | Reached skill level 7 in Armour
  6181 | D:7      | Noticed a hornet
  6259 | D:7      | Noticed a queen bee
  6298 | D:7      | Noticed Rayvis's ghost (novice MiFi)
  6629 | D:7      | Found a staircase to the Ecumenical Temple.
  6629 | D:7      | Noticed a wyvern
  6702 | D:6      | HP: 2/64 [wyvern (5)]
  6714 | D:6      | Mangled by a wyvern

Illustrated notes

Levels and vault maps discovered:
D:1:      doesnt_arrival_eight_statues, layout_basic
D:2:      minmay_chambers_of_twos, layout_loops_ring, minivault_4, uniq_sigmund
D:3:      layout_loops_corners
D:4:      layout_loops_cross, mainiacjoe_overflow_brackets,
          kennysheep_mini_moat, minmay_close_crescents
D:5:      layout_gridville, mainiacjoe_overflow_small_starburst,
          chequers_mini_garden
D:6:      layout_basic, mainiacjoe_overflow_cross_hatched, enter_ossuary_5
D:7:      layout_rooms, kennysheep_mini, minmay_temple_entry_slanted,
          gammafunk_ghost_hive

Skill      XL: |  1  2  3  4  5  6  7  8 |
---------------+-------------------------+-----
Fighting       | 4 5 |  5.8
Maces & Flails | 3 4 |  4.0
Armour         | 6 7 |  7.1
Short Blades   | |  0.8
Shields        | |  3.9

Action                   |  1- 3 |  4- 6 |  7- 9 || total
-------------------------+-------+-------+-------++-------
Melee: Flail             |   103 |   135 |       ||   238
       Dagger            |       |    79 |       ||    79
       Whip              |       |    68 |   139 ||   207
  Use: Potion            |       |     1 |     2 ||     3
       Scroll            |       |     1 |     1 ||     2
Armor: Scale mail        |    41 |    17 |       ||    58
       Plate armour      |       |   177 |    76 ||   253
Dodge: Dodged            |    21 |    35 |    11 ||    67
Block: Kite shield       |    48 |   168 |   123 ||   339
